 Dungeon Crawl Stone Soup version 0.31-a0-112-gdf0485fa37 (webtiles) character file.

Game seed: 8644112817666259444

168 pokeman the Magician (level 5, 0/29 HPs)
             Began as a Deep Elf Hedge Wizard on May 28, 2023.
             Slain by an iguana (1 damage)
             ... on level 4 of the Dungeon.
             The game lasted 00:04:56 (3616 turns).

pokeman the Magician (Deep Elf Hedge Wizard)        Turns: 3616, Time: 00:04:56

Health: 0/29       AC:  4    Str:  7    XL:     5   Next: 23%
Magic:  0/15       EV: 13    Int: 21    God:
Gold:   224        SH:  0    Dex: 14    Spells: 8/16 levels left

rFire   . . .        a - +0 dagger
rCold   . . .        (no shield)
rNeg    . . .        b - +0 robe
rPois   .            p - +0 helmet
rElec   .            o - +0 cloak
rCorr   .            (no gloves)
SInv    .            (no boots)
Will    .....        (no amulet)
Stlth   ++           (no ring)
HPRegen 0.24/turn    (no ring)
MPRegen 0.14/turn

%: no passive effects
@: very slightly contaminated
A: no striking features
a: no special abilities


You were on level 4 of the Dungeon.
You visited 1 branch of the dungeon, and saw 4 of its levels.

You collected 224 gold pieces.

Inventory:

Hand Weapons
 a - a +0 dagger (weapon)
Armour
 b - a +0 robe (worn)
 h - a scarf of invisibility
 o - a +0 cloak (worn)
 p - a +0 helmet (worn)
Wands
 l - a wand of flame (12)
Scrolls
 e - a scroll of blinking {unknown}
 f - a scroll of poison {unknown}
 i - 3 scrolls of identify {unknown}
 j - 2 scrolls of enchant armour {unknown}
 k - 2 scrolls of enchant weapon {unknown}
 m - a scroll of torment {unknown}
 n - 2 scrolls of amnesia {unknown}
Potions
 c - 2 potions of curing {unknown}
 d - a potion of magic
 g - 2 potions of brilliance {unknown}


   Skills:
 - Level 1.4 Fighting
 - Level 1.0 Armour
 - Level 3.0 Dodging
 + Level 2.6 Stealth
 * Level 6.2 Spellcasting
 + Level 2.6 Conjurations
 - Level 1.1 Summonings
 - Level 1.1 Translocations
 + Level 0.3 Evocations


You had 8 spell levels left.
You knew the following spells:

 Your Spells              Type           Power      Damage    Failure   Level
a - Magic Dart            Conj           68%        1d6       3%          1
b - Mephitic Cloud        Conj/Pois/Air  10%        N/A       21%         3
c - Call Imp              Summ           22%        N/A       10%         2
d - Blink                 Tloc           22%        N/A       10%         2

Your spell library contained the following spells:

 Spells                   Type           Power      Damage    Failure   Level
 Slow                     Hex            24%        N/A       10%         1
 Cigotuvi's Dreadful Rot  Necr/Pois/Air  12%        N/A       14%         2


Dungeon Overview and Level Annotations

Branches:
Dungeon (4/15)
 Temple: D:4-7

Altars:
Elyvilon
Fedhas
Kikubaaqudgha
Wu Jian


Message History

Casting: Call Imp (safe; 10% risk of failure)
Confirm with . or Enter, or press ? or * to list all spells.
Aiming: Magic Dart (safe; 3% risk of failure)
Press: ? - help, Shift-Dir - straight line, f - iguana
Aim: an iguana (severely wounded, ally target, 100% to hit)
The magic dart hits the iguana but does no damage.
The iguana is severely wounded.
Your cerulean imp hits the iguana but does no damage.
The iguana bites you but does no damage.
Casting: Magic Dart (safe; 3% risk of failure)
Confirm with . or Enter, or press ? or * to list all spells.
Aiming: Magic Dart (safe; 3% risk of failure)
Press: ? - help, Shift-Dir - straight line, f/p - iguana
Aim: an iguana (severely wounded, ally target, 100% to hit)
The magic dart hits the iguana.
The iguana is severely wounded.
Your cerulean imp hits the iguana from afar with a -3 spear.
The iguana misses you.
Casting: Magic Dart (safe; 3% risk of failure)
Confirm with . or Enter, or press ? or * to list all spells.
Aiming: Magic Dart (safe; 3% risk of failure)
Press: ? - help, Shift-Dir - straight line, f/p - iguana
Aim: an iguana (severely wounded, ally target, 100% to hit)
You miscast Magic Dart.
You are very lightly contaminated with residual magic.
Nothing appears to happen.
Your cerulean imp closely misses the iguana.
The iguana bites you!
* * * LOW HITPOINT WARNING * * *
Casting: Magic Dart (safe; 3% risk of failure)
Confirm with . or Enter, or press ? or * to list all spells.
Aiming: Magic Dart (safe; 3% risk of failure)
Press: ? - help, Shift-Dir - straight line, f/p - iguana
Aim: an iguana (severely wounded, ally target, 100% to hit)
The magic dart hits the iguana but does no damage.
The iguana is severely wounded.
Your cerulean imp hits the iguana but does no damage.
The iguana barely misses you. The iguana attacks as you move away!
The iguana bites you.
You die...

..S... ....# S(..##
..).... ...#..## ###
#..##..#### #...
...##.....###########..#
.#.##.....#....l..$...#
......l.....w...@....#
.#?##.........5......#
......#####.........[#
...#### ###..†.......#
##### #............#
..........#..........#
###########..........#
..# #..........# ..#
#..........#


You could see an iguana (ally target), a dart slug and a friendly cerulean imp
(summoned).

Vanquished Creatures
  A hound (D:4)
  4 adders
  An ufetubus (D:4)
  3 worms
  An orc (D:4)
  2 endoplasms
  5 giant cockroaches
  11 hobgoblins
  2 quokkas
  2 ball pythons
  4 bats
  4 frilled lizards
  6 goblins
  6 kobolds
  7 rats
59 creatures vanquished.

Vanquished Creatures (collateral kills)
  Terence (D:3)
  A worm (D:2)
2 creatures vanquished.

Vanquished Creatures (others)
  A quokka (D:3)
1 creature vanquished.

Grand Total: 62 creatures vanquished

Notes
Turn   | Place    | Note
-------+----------+-------------------------------------------
     0 | D:1      | pokeman the Deep Elf Hedge Wizard began the quest for the
                  | Orb.
     0 | D:1      | Reached XP level 1. HP: 10/10 MP: 7/7
   373 | D:1      | Reached XP level 2. HP: 3/16 MP: 3/9
  1151 | D:1      | Reached skill level 5 in Spellcasting
  1568 | D:2      | Reached XP level 3. HP: 20/20 MP: 6/11
  1572 | D:2      | Learned a level 3 spell: Mephitic Cloud
  1575 | D:2      | Learned a level 2 spell: Call Imp
  1578 | D:2      | Learned a level 2 spell: Blink
  1966 | D:2      | Reached skill level 1 in Armour
  2177 | D:2      | Reached skill level 1 in Fighting
  2759 | D:3      | Noticed Terence
  2873 | D:3      | Killed Terence
  2874 | D:3      | Reached XP level 4. HP: 13/25 MP: 6/13
  2952 | D:3      | Found a white marble altar of Elyvilon.
  3074 | D:3      | Found a blossoming altar of Fedhas.
  3074 | D:3      | Found an ancient bone altar of Kikubaaqudgha.
  3099 | D:3      | Found an ornate altar of the Wu Jian Council.
  3475 | D:4      | Reached skill level 6 in Spellcasting
  3475 | D:4      | Reached XP level 5. HP: 18/29 MP: 6/15
  3614 | D:4      | HP: 1/29 [iguana (11)]
  3616 | D:4      | Slain by an iguana

Illustrated notes

Levels and vault maps discovered:
D:1:      dpeg_arrival_simpleton_a, layout_loops_ring
D:2:      kennysheep_big_flooded_room, layout_basic, serial_curves,
          eino_curves_04, eino_curves_02, grunt_ministairs_2
D:3:      layout_basic, grunt_temple_overflow_growth_and_decay,
          overflow_temple_1_default, elyvilon_altar_4, serial_corexii_hall,
          corexii_hall_statues_deadend, corexii_hall_statues_s,
          eino_tiny_chamber, uniq_terence
D:4:      layout_rooms, nicolae_qazlal_general_emergency, gup_sewer_entry_pipe

Skill      XL: |  1  2  3  4 |
---------------+-------------+-----
Spellcasting   | 5 6 |  6.2
Armour         | 1 |  1.0
Conjurations   | 2 |  2.6
Fighting       | 1 |  1.4
Dodging        | 3 |  3.0
Stealth        | |  2.6
Summonings     | |  1.1
Translocations | |  1.1
Evocations     | |  0.3

Action                     |  1- 3 |  4- 6 || total
---------------------------+-------+-------++-------
  Melee: Dagger            |    39 |     5 ||    44
         Punch             |     2 |       ||     2
   Cast: Magic Dart        |   119 |    42 ||   161
         Call Imp          |     5 |     1 ||     6
         Mephitic Cloud    |     3 |     1 ||     4
   Stab: Distracted        |     1 |       ||     1
         Confused          |       |     1 ||     1
 Armour: Robe              |     4 |    17 ||    21
  Dodge: Dodged            |    19 |    23 ||    42

Table legend: (Time is in decaauts)
 A = Elapsed time spent in this place.
 B = Non-inter-level travel time spent in this place.
 C = Inter-level travel time spent in this place.
 D = Time resting spent in this place.
 E = Time spent auto-exploring this place.
 F = Levels seen in this place.
 G = Mean time per level.
                   A        B        C        D        E       F      G
               +--------+--------+--------+--------+--------+-----+--------+
         Total |   3617 |   3541 |     76 |    186 |   2883 |   4 |  904.2 |
       Dungeon |   3617 |   3541 |     76 |    186 |   2883 |   4 |  904.2 |
               +--------+--------+--------+--------+--------+-----+--------+

Top non-repeatable levels by time:
     D:1: 1340 daAuts
     D:2: 1196 daAuts
     D:3: 930 daAuts
     D:4: 149 daAuts
